 Dungeon Crawl Stone Soup version 0.28.0-43-g3370ac3207 (webtiles) character file.

Game seed: 2875883161891017884

14 NinjaNoafa the Charlatan (level 2, -3/14 HPs)
             Began as a Spriggan Artificer on Apr 1, 2022.
             Frozen to death by an endoplasm (4 damage)
             ... on level 1 of the Dungeon.
             The game lasted 00:05:02 (679 turns).

NinjaNoafa the Charlatan (Spriggan Artificer)        Turns: 679, Time: 00:05:02

Health: -3/14      AC:  2    Str:  8    XL:     2   Next: 27%
Magic:  3/3        EV: 18    Int: 12    God:
Gold:   27         SH:  0    Dex: 15    Spells: 1/1 levels left

rFire   . . .      SeeInvis +   a - +0 club
rCold   . . .      Faith    .   (no shield)
rNeg    . . .      Spirit   .   b - +0 robe
rPois   .          Reflect  .   (helmet restricted)
rElec   .          Harm     .   (no cloak)
rCorr   .          Rampage  .   (gloves unavailable)
Will    .....                   (boots unavailable)
Stlth   ++........              (no amulet)
HPRegen 0.04/turn               (no ring)
MPRegen 0.08/turn               (no ring)

@: very quick
A: very small, no large weapons, unfitting armour, see invisible, speed 3
a: no special abilities


You were on level 1 of the Dungeon.
You visited 1 branch of the dungeon, and saw 1 of its levels.

You collected 27 gold pieces.

Inventory:

Hand Weapons
 a - a +0 club (weapon)
Missiles
 i - 5 boomerangs of dispersal (quivered)
Armour
 b - a +0 robe (worn)
Wands
 c - a wand of flame (12)
 d - a wand of charming (14)
Scrolls
 f - a scroll of torment {unknown}
 g - 3 scrolls of identify {unknown}
Potions
 h - a potion of curing {unknown}
 j - a potion of cancellation {unknown}
Miscellaneous
 e - a piece from Xom's chessboard (14/15)


   Skills:
 + Level 1.0 Fighting
 + Level 3.4 Dodging
 + Level 2.1 Stealth
 * Level 4.4 Evocations


You had one spell level left.
You didn't know any spells.
Your spell library was empty.

Dungeon Overview and Level Annotations

Branches:
Dungeon (1/15)

Altars:


Innate Abilities, Weirdness & Mutations

You are very small and have problems with some larger weapons.
You are too small for most types of armour.
You have supernaturally acute eyesight. (SInv)
You cover ground extremely quickly. (Speed+++)


Message History

Your gnoll hits the endoplasm with a +0 whip.
The endoplasm freezes your gnoll.
Your gnoll is frozen.
You escape the ball python's grasp.
The endoplasm freezes your gnoll.
Your gnoll is frozen.
Your gnoll dies!
Found a scroll labelled JAFAUDEFIO.
You see here a scroll labelled JAFAUDEFIO.
You hit the plant but do no damage. You hit the plant.
The plant begins to die.
The plant is lightly damaged.
You hit the plant.
The plant is lightly damaged.
A nearby plant withers and dies.
You start resting.
A ball python is nearby!
You barely miss the ball python. The ball python closely misses you.
The ball python completely misses you. The ball python closely misses you.
The ball python completely misses you.
You closely miss the ball python. The ball python bites you.
* * * LOW HITPOINT WARNING * * *
The ball python completely misses you.
You closely miss the ball python. The ball python barely misses you.
The ball python closely misses you. The ball python misses you. x2
You closely miss the ball python. The ball python closely misses you. x2
You barely miss the ball python. The ball python completely misses you.
The ball python grabs you. The ball python constricts you.
The ball python completely misses you. The ball python constricts you.
* * * LOW HITPOINT WARNING * * *
You hit the ball python.
You kill the ball python!
The endoplasm freezes you.
You are frozen.
* * * LOW HITPOINT WARNING * * *
You hit the endoplasm.
The endoplasm is almost dead.
The endoplasm freezes you.
You are frozen.
You die...

# #)PP.P..P.##.#
##.##.P...P.P.##.#
#...........P.####
#..##.PP...P..#
#..##..PPPP...# #..#
#....S..## #..#
##S###### ########..#
#.# .........@# #.#
########J#####.##.###
#.....S........
#######.####### #.#
###


You could see an endoplasm.

Vanquished Creatures
  A dart slug (D:1)
  2 ball pythons (D:1)
  An endoplasm (D:1)
  A goblin (D:1)
  2 quokkas (D:1)
  A rat (D:1)
8 creatures vanquished.

Vanquished Creatures (others)
  A gnoll (D:1)
  2 plants (D:1)
3 creatures vanquished.

Grand Total: 11 creatures vanquished

Notes
Turn   | Place    | Note
-------+----------+-------------------------------------------
     0 | D:1      | NinjaNoafa the Spriggan Artificer began the quest for the
                  | Orb.
     0 | D:1      | Reached XP level 1. HP: 9/9 MP: 2/2
   101 | D:1      | Reached skill level 1 in Fighting
   348 | D:1      | Reached XP level 2. HP: 9/14 MP: 3/3
   679 | D:1      | Frozen to death by an endoplasm

Illustrated notes

Levels and vault maps discovered:
D:1:      sevenhm_arrival_forest_fort_large_4, layout_basic,
          ebering_ecumenical_altar_petrified, minmay_hedge_maze,
          nicolae_grassy_gnolls

Skill      XL: |  1 |
---------------+----+-----
Fighting       | 1 |  1.0
Stealth        | 2 |  2.1
Dodging        | |  3.4
Evocations     | |  4.4

Action                   || total
-------------------------++-------
Melee: Club              ||    42
       Punch             ||     2
Evoke: Wand              ||     4
       Piece from Xom's  ||     1
Armor: Robe              ||     3
Dodge: Dodged            ||    43
